 Dungeon Sprint DCSS version 0.31-a0-662-g684573625c (webtiles) character file.

Game seed: 17762624600055216284

4407 sircluck the Grappler (level 10, -12/172 HPs)
             Began as a Troll Berserker on Aug 31, 2023.
             Was an Elder of Trog.
             Mangled by a skeletal warrior
             ... wielding a +0 halberd
              (16 damage)
             ... in the Dungeon (Sprint II: "The Violet Keep of Menkaure").
             The game lasted 00:02:18 (411 turns).

sircluck the Grappler (Troll Berserker)              Turns: 411, Time: 00:02:19

Health: -12/172    AC:  4    Str: 31    XL:     10   Next: 14%
Magic:  9/9        EV: 13    Int:  3    God:    Trog [****..]
Gold:   738        SH:  0    Dex:  9    Spells: 9/9 levels left

rFire   . .          .
                       - Unarmed
rCold   . . .        (no shield)
rNeg    . . .        a - +0 animal skin
rPois   .            (helmet restricted)
rElec   .            (no cloak)
rCorr   .            (gloves unavailable)
SInv    .            (boots unavailable)
Will    .....        (no amulet) Stlth
                     (no ring)
HPRegen 1.28/turn    (no ring)
MPRegen 0.11/turn

%: no teleportation
@: berserking (expiring), slowed
A: large, unfitting armour, claws 3, regeneration 1, shaggy fur 1, tough skin 1
a: Renounce Religion, Berserk, Trog's Hand, Brothers in Arms


You were in the Dungeon.
You worshipped Trog.
Trog was greatly pleased with you.
You visited 1 branch You collected 738 gold pieces.

Inventory:

Armour
 a - a +0 animal skin (worn)
Scrolls
 g - a scroll of blinking
Potions
 b - a potion of curing
 d - a potion of haste
 e - 2 potions of magic
 f - a potion of berserk rage


   Skills:
 + Level 12.2 Fighting
 + Level 12.0 Dodging
 + Level 14.1 Unarmed Combat


You had 9 spell levels left.
You didn't know any spells.
Your spell library was empty.

Dungeon Overview and Level Annotations

Branches:
Dungeon (1/1)

Altars:

Shops:
D :(!!=:[!:?!*[(=

Annotations:
D exclusions: oklob plant and orange crystal statue


Innate Abilities, Weirdness & Mutations

You are too large for most types of armour.
You have claws for hands.
Your natural rate of healing is unusually fast.
You are covered in fur. (AC +1)
You have tough skin. (AC +1)


Message History

You hear some strange, mumbled words.
You feel yourself slow down.
The kobold demonologist looks braver for a moment.
You miss something. You eviscerate something!!!
You hear an angry hiss.
The skeletal warrior completely misses you.
You hear some strange, mumbled words.
You turn into a filthy swine.
Your +0 animal skin melds into your body.
You hear an angry hiss.
You bite something! Trog accepts your kill.
You can now call in reinforcements.
Trog appreciates your killing of a magic user.
Reactivating autopickup.
You feel a bit more experienced.
You feel less porcine.
Your +0 animal skin unmelds from your body.
The skeletal warrior closely misses you.
Your Fighting skill increases to level 12!
Your Dodging skill increases to level 12!
Your Unarmed Combat skill increases to level 14!
You have reached level 10!
Unknown command.
The kobold demonologist mumbles some strange words.
The skeletal warrior hits you with a +0 halberd!
* * * LOW HITPOINT WARNING * * *
You hear an angry hiss.
Things that are here:
a +0 orcbow; a +0 arbalest You barely miss the skeletal warrior.
The skeletal warrior hits you with a +0 halberd!!
* * * LOW HITPOINT WARNING * * *
You scratch the skeletal warrior.
The skeletal warrior is lightly damaged.
The skeletal warrior hits you with a +0 halberd.
* * * LOW HITPOINT WARNING * * *
You enter the shallow water.
The skeletal warrior hits you from afar with a +0 halberd!
You die...

####+#### ##§≈≈§≈≈≈##
##§§○≈≈≈≈≈≈## ###
+§§§§○8§§≈≈≈#
#.5K####§≈§§≈§≈§§
#$45z)~##°≈§≈§≈≈#
############@~#+++#+++##
###########~~~.........#
##....∩.∩.#~~~~.##'##..#
##...∩.∩..#~~~~##.#.##.####
##..∩.∩...#~~~~#.###.#....#
##.⌠.∩....#~~####.#.####..##
##..∩.....#~##.###†###.##..#
##...∩.∩..#~#...##.##...#..#
##....∩.∩.'~'##.÷.<†')#
+..##


You could see a skeletal warrior, a kobold demonologist, a chaos spawn
(summoned), a quasit (summoned) and an ufetubus (summoned).

Vanquished Creatures
  Kirke (D)
  A yaktaur captain (D)
  2 boulder beetles (D)
  A centaur warrior (D)
  A merfolk siren (D)
  2 wyverns (D)
  Menkaure (D)
  A water moccasin (D)
  4 necrophages (D)
  A hell rat (D)
15 creatures vanquished.

Notes
Turn   | Place    | Note
-------+----------+-------------------------------------------
     0 | D        | sircluck the Troll Berserker began the quest for the Orb.
     0 | D        | Reached XP level 1. HP: 22/22 MP: 0/0
     1 | D        | Noticed a wyvern
     1 | D        | Noticed a wyvern
     5 | D        | Noticed a necrophage
     5 | D        | Noticed a necrophage
     5 | D        | Noticed a necrophage
     5 | D        | Noticed a necrophage
    14 | D        | Killed a necrophage
    15 | D        | Reached skill level 5 in Unarmed Combat
    15 | D        | Reached XP level 2. HP: 32/32 MP: 1/1
    15 | D        | Reached XP level 3. HP: 39/39 MP: 2/2
    16 | D        | Killed a necrophage
    17 | D        | Reached skill level 5 in Fighting
    17 | D        | Reached skill level 5 in Dodging
    17 | D        | Reached skill level 6 in Unarmed Combat
    17 | D        | Reached XP level 4. HP: 33/50 MP: 3/3
    20 | D        | Killed a necrophage
    20 | D        | Reached ** piety under Trog
    21 | D        | Reached XP level 5. HP: 27/59 MP: 4/4
    24 | D        | Reached skill level 7 in Unarmed Combat
    55 | D        | Found Ohulin's Distillery.
    55 | D        | Found Itofes's Magic Scroll Shop.
    55 | D        | Found Tumnuo's Antique Armour Shop.
    55 | D        | Found Esuat's Antique Armour Boutique.
    56 | D        | Found Nunisuc's Jewellery Shop.
    56 | D        | Found Qawniut's General Store.
    56 | D        | Found Reobuamnu's Distillery.
    56 | D        | Found Jecatum's Book Boutique.
    56 | D        | Found Ygyaxt's Jewellery Shop.
    56 | D        | Found Janeut's Distillery.
    57 | D        | Found Ecetzoiv's Distillery.
    57 | D        | Found Elehiogi's Weapon Boutique.
    58 | D        | Found Maschajy's Antique Weapon Boutique.
    58 | D        | Found Edequlis's Book Shop.
    58 | D        | Noticed Menkaure
    62 | D        | Killed Menkaure
    63 | D        | Reached skill level 8 in Unarmed Combat
    63 | D        | Reached XP level 6. HP: 71/71 MP: 5/5
    71 | D        | Noticed an obsidian statue
    82 | D        | Noticed a water moccasin
    92 | D        | Killed a water moccasin
    92 | D        | Reached *** piety under Trog
   101 | D        | Noticed an orange crystal statue
   129 | D        | Noticed a boulder beetle
   129 | D        | Noticed a boulder beetle
   157 | D        | Noticed an oklob plant
   158 | D        | Found Viemoax's Book Shoppe.
   159 | D        | Noticed a yak
   172 | D        | Noticed a merfolk siren
   182 | D        | Killed a merfolk siren
   183 | D        | Reached skill level 10 in Unarmed Combat
   183 | D        | Reached XP level 7. HP: 24/81 MP: 6/6
   233 | D        | Killed a wyvern
   233 | D        | Reached **** piety under Trog
   234 | D        | Killed a wyvern
   235 | D        | Reached XP level 8. HP: 92/92 MP: 7/7
   251 | D        | Killed a boulder beetle
   252 | D        | Reached skill level 10 in Fighting
   252 | D        | Reached skill level 11 in Unarmed Combat
   257 | D        | Killed a boulder beetle
   258 | D        | Reached skill level 10 in Dodging
   258 | D        | Reached skill level 12 in Unarmed Combat
   258 | D        | Reached XP level 9. HP: 33/102 MP: 8/8
   361 | D        | Noticed Kirke
   361 | D        | Noticed a yaktaur captain
   361 | D        | Noticed a kobold demonologist
   362 | D        | Noticed a centaur warrior
   362 | D        | Noticed a manticore
   363 | D        | Noticed an elephant
   365 | D        | Noticed a skeletal warrior
   372 | D        | Killed a yaktaur captain
   373 | D        | Reached skill level 13 in Unarmed Combat
   377 | D        | Killed a centaur warrior
   387 | D        | Noticed a smoke demon
   400 | D        | Noticed a lindwurm
   407 | D        | Killed Kirke
   408 | D        | Reached skill level 14 in Unarmed Combat
   408 | D        | Reached XP level 10. HP: 41/115 MP: 9/9
   409 | D        | HP: 8/172 [skeletal warrior/+0 halberd (26)]
   410 | D        | HP: 3/172 [skeletal warrior/+0 halberd (6)]
   411 | D        | Mangled by a skeletal warrior

Illustrated notes

Levels and vault maps discovered:
D:        the_violet_keep_of_menkaure [sprint2_stairs_cluster_1,
          sprint2_shoproom, sprint2_temple, sprint2_basic_supplies,
          sprint2_obstacle_4, sprint2_obstacle_1, sprint2_obstacle_3,
          sprint2_obstacle_7, sprint2_obstacle_2, sprint2_timed_cluster_1,
          sprint2_smallroom_cluster_1, sprint2_smallroom_final_cluster_1,
          sprint2_transparent_cluster_1, sprint2_second_timed_cluster_1,
          sprint2_sniper_area_1, sprint2_heavy_combat_area_1,
          sprint2_mutation_trap_area_1, sprint2_forest_area_1,
          sprint2_light_combat_area_1, sprint2_behind_water_1,
          sprint2_near_end_vault_1]

Skill      XL: |  1  2  3  4  5  6  7  8  9 |
---------------+----------------------------+-----
Fighting       | 4 5 7 8 9 10 12 | 12.2
Dodging        | 4 5 7 8 9 10 12 | 12.0
Unarmed Combat | 5 6 8 10 12 14 | 14.1

Action                     |  1- 3 |  4- 6 |  7- 9 | 10-12 || total
---------------------------+-------+-------+-------+-------++-------
  Melee: Unarmed           |     8 |    27 |    37 |     2 ||    74
         Punch             |       |     1 |     4 |       ||     5
 Invoke: Berserk           |     1 |     1 |     2 |       ||     4
         Brothers in Arms  |       |       |     2 |       ||     2
    Use: Potion            |       |       |     1 |       ||     1
 Armour: Animal skin       |     8 |    15 |    34 |     4 ||    61
  Dodge: Dodged            |     2 |     9 |    15 |       ||    26

Table legend: (Time is in decaauts)
 A = Elapsed time spent in this place.
 B = Non-inter-level travel time spent in this place.
 C = Inter-level travel time spent in this place.
 D = Time resting spent in this place.
 E = Time spent auto-exploring this place.
 F = Levels seen in this place.
 G = Mean time per level.
                   A        B        C        D        E       F      G
               +--------+--------+--------+--------+--------+-----+--------+
         Total |    424 |    408 |     16 |    105 |     92 |   1 |  424.0 |
       Dungeon |    424 |    408 |     16 |    105 |     92 |   1 |  424.0 |
               +--------+--------+--------+--------+--------+-----+--------+

Top non-repeatable levels by time:
       D: 424 daAuts
